[Event "ICC tourney 2875 (40 10)"]
[Site "Internet Chess Club"]
[Date "2022.04.09"]
[Round "4"]
[White "QUIRKE, JEFFREY L:PawnEatingZombi"]
[Black "CHIANG, JACOB:Cobysters"]
[Result "1-0"]
[ICCResult "Black resigns"]
[WhiteElo "2049"]
[BlackElo "1897"]
[Opening "Benoni: 6.e4"]
[ECO "A65"]
[NIC "QP.07"]
[Time "17:45:11"]
[PlyCount "41"]
[TimeControl "2400+10"]

1. d4 Nf6 2. c4 e6 3. Nc3 c5 4. d5 exd5 5. cxd5 d6 6. e4 g6 7. Bd3 Bg7 8. h3
O-O 9. Nf3 b5 10. Nxb5 Re8 11. O-O Nxe4 12. Re1 a6 13. Rxe4 Rxe4 14. Nxd6
Rb4 15. Nxf7 Kxf7 16. a3 Rb6 17. Ng5+ Kg8 18. d6 Bf6 19. Bc4+ Kf8 20. Qd5
Kg7 21. Qf7+ {Black resigns} 1-0

[Event "ICC tourney 2875 (40 10)"]
[Site "Internet Chess Club"]
[Date "2022.04.09"]
[Round "4"]
[White "Laido, Olivia:beibeiolivia"]
[Black "YUAN, SERENA:doudou2011"]
[Result "1-0"]
[ICCResult "Black checkmated"]
[WhiteElo "1646"]
[BlackElo "1651"]
[Opening "Sicilian: Alapin's variation (2.c3)"]
[ECO "B22"]
[NIC "SI.47"]
[Time "17:45:11"]
[PlyCount "45"]
[TimeControl "2400+10"]

1. e4 c5 2. c3 Nf6 3. e5 Nd5 4. d4 cxd4 5. cxd4 d6 6. Nf3 Nc6 7. a3 Bg4 8.
Be2 e6 9. exd6 Bxd6 10. h3 Bh5 11. O-O O-O 12. Nc3 Nxc3 13. bxc3 Qc7 14. Bb2
Rac8 15. Rc1 Rfd8 16. Qb3 Na5 17. Qb5 a6 18. Qxh5 h6 19. c4 Nc6 20. d5 Ne7
21. dxe6 fxe6 22. Qg4 Qd7 23. Qxg7# {Black checkmated} 1-0

[Event "ICC tourney 2875 (40 10)"]
[Site "Internet Chess Club"]
[Date "2022.04.09"]
[Round "4"]
[White "NATHAN, NITISH SG:K06-15494283"]
[Black "Guo, Anni:movingkid"]
[Result "1/2-1/2"]
[ICCResult "Game drawn by mutual agreement"]
[WhiteElo "1908"]
[BlackElo "1700"]
[Opening "Queen's pawn: London system"]
[ECO "A45"]
[NIC "QP.07"]
[Time "17:45:29"]
[PlyCount "71"]
[TimeControl "2400+10"]

1. d4 Nf6 2. Bf4 d5 3. e3 c5 4. c3 Nc6 5. Nd2 Bf5 6. Qb3 Qd7 7. Ngf3 c4 8.
Qd1 e6 9. Be2 b5 10. O-O Be7 11. Ne5 Nxe5 12. Bxe5 O-O 13. Re1 Ne4 14. Nxe4
Bxe4 15. Bf3 Bxf3 16. Qxf3 Bd6 17. Bxd6 Qxd6 18. e4 Rad8 19. e5 Qe7 20. Qh5
b4 21. Re3 g6 22. Qh6 bxc3 23. bxc3 Rb8 24. Rae1 Rb2 25. R3e2 Rxe2 26. Rxe2
Qa3 27. Qd2 Rb8 28. Qc2 Qa5 29. g4 Qb5 30. Kg2 a5 31. Qd2 a4 32. Qh6 Qe8 33.
Qc1 Qe7 34. Re3 Qg5 35. h3 Qe7 36. Re2 {Game drawn by mutual agreement}
1/2-1/2

[Event "ICC tourney 2875 (40 10)"]
[Site "Internet Chess Club"]
[Date "2022.04.09"]
[Round "4"]
[White "RASULOV, VUGAR:Vugar-Rasulov"]
[Black "HU, MERRIC:K09-14686967"]
[Result "1-0"]
[ICCResult "Black resigns"]
[WhiteElo "2504"]
[BlackElo "2027"]
[Opening "King's Indian: Sämisch, 5...O-O"]
[ECO "E81"]
[NIC "KI.54"]
[Time "17:45:23"]
[PlyCount "117"]
[TimeControl "2400+10"]

1. d4 Nf6 2. c4 g6 3. Nc3 Bg7 4. e4 d6 5. f3 O-O 6. Be3 c5 7. dxc5 dxc5 8.
Qxd8 Rxd8 9. Bxc5 Nc6 10. Ba3 b6 11. Nge2 Ba6 12. b3 e6 13. Rd1 Rxd1+ 14.
Kxd1 h5 15. Kc2 Rd8 16. Nc1 Nd4+ 17. Kb1 h4 18. Be2 Rd7 19. Rd1 Nh5 20. Bf1
Be5 21. Bb2 Rd6 22. h3 Nf4 23. Nd3 Nxd3 24. Rxd3 f5 25. Ba3 Rd7 26. exf5
gxf5 27. Ne2 Bc8 28. Nxd4 Bxd4 29. Be7 Bf2 30. Rxd7 Bxd7 31. Kc2 Kf7 32. Bd8
e5 33. b4 e4 34. Kd2 exf3 35. gxf3 f4 36. Bc7 Be3+ 37. Ke1 Ke7 38. b5 Bc8
39. a4 a5 40. Kd1 Bb7 41. Ke2 Kd7 42. Bb8 Ba8 43. Bg2 Bb7 44. Kd3 Ke6 45.
Bc7 Kd7 46. Be5 Ke6 47. Bc3 Ke7 48. Be1 Kd6 49. Bxh4 Bc8 50. Kc3 Bf5 51. Bf6
Bf2 52. Bd4 Bxd4+ 53. Kxd4 Bc2 54. h4 Bxa4 55. Kc3 Bd1 56. h5 a4 57. h6 a3
58. h7 a2 59. Kb2 {Black resigns} 1-0

[Event "ICC tourney 2875 (40 10)"]
[Site "Internet Chess Club"]
[Date "2022.04.09"]
[Round "4"]
[White "YANG, ALEXANDER:K05-16917728"]
[Black "REISS, AIDEN:K09-16581243"]
[Result "1-0"]
[ICCResult "Black resigns"]
[WhiteElo "1625"]
[BlackElo "1833"]
[Opening "Nimzo-Indian: Sämisch, Keres variation"]
[ECO "E25"]
[NIC "NI.30"]
[Time "17:46:02"]
[PlyCount "67"]
[TimeControl "2400+10"]

1. d4 Nf6 2. c4 e6 3. Nc3 Bb4 4. f3 d5 5. a3 Bxc3+ 6. bxc3 c5 7. cxd5 Nxd5
8. dxc5 Qa5 9. e4 Nf6 10. Be3 Nc6 11. Qb3 O-O 12. Bb5 Bd7 13. Ne2 Ne5 14.
Bxd7 Nfxd7 15. O-O Qc7 16. Rab1 Rab8 17. Qa4 a6 18. Qd4 Rfc8 19. Rfd1 Nxc5
20. Qxc5 Qxc5 21. Bxc5 Rxc5 22. Rxb7 Rbc8 23. f4 Ng4 24. Rdd7 Rf8 25. Rdc7
Ra5 26. h3 Nf6 27. e5 Nd5 28. Rd7 Rxa3 29. f5 Nxc3 30. Nxc3 Rxc3 31. fxe6
Rc1+ 32. Kh2 Re1 33. e7 Re8 34. Rd8 {Black resigns} 1-0

[Event "ICC tourney 2875 (40 10)"]
[Site "Internet Chess Club"]
[Date "2022.04.09"]
[Round "4"]
[White "OPASKA, MICHAEL:mopaska1106"]
[Black "JEGAN, ALAN:playtowin2020"]
[Result "0-1"]
[ICCResult "White resigns"]
[WhiteElo "1778"]
[BlackElo "2037"]
[Opening "Nimzo-Indian: classical, Milner-Barry (Zurich) variation"]
[ECO "E33"]
[NIC "NI.24"]
[Time "17:45:15"]
[PlyCount "72"]
[TimeControl "2400+10"]

1. d4 Nf6 2. c4 e6 3. Nc3 Bb4 4. Qc2 Nc6 5. Nf3 d6 6. Bg5 h6 7. Bh4 O-O 8.
e3 Re8 9. Bd3 e5 10. dxe5 dxe5 11. O-O-O Bd7 12. Bh7+ Kh8 13. Bxf6 gxf6 14.
Bf5 Nb8 15. Rxd7 Nxd7 16. Rd1 Bd6 17. Qe4 Rg8 18. Qh4 Kg7 19. Ne4 Nf8 20. c5
Ng6 21. Qh5 b6 22. cxd6 cxd6 23. Nh4 Qe8 24. Kb1 Rd8 25. Rxd6 Nxh4 26. Qxh4
Rxd6 27. Nxd6 Qc6 28. Ne4 Rd8 29. Qg4+ Kf8 30. Nc3 a5 31. e4 Rd4 32. Nd5 Qc4
33. Ne3 Qd3+ 34. Ka1 Rc4 35. a3 Rc1+ 36. Ka2 a4 {White resigns} 0-1

[Event "ICC tourney 2875 (40 10)"]
[Site "Internet Chess Club"]
[Date "2022.04.09"]
[Round "4"]
[White "Kodarapu, Ishaan:pika0008"]
[Black "IVANOV, ALEXANDER:marble"]
[Result "0-1"]
[ICCResult "White resigns"]
[WhiteElo "1947"]
[BlackElo "2391"]
[Opening "English opening"]
[ECO "A10"]
[NIC "EO.35"]
[Time "17:45:30"]
[PlyCount "84"]
[TimeControl "2400+10"]

1. c4 g6 2. d4 Bg7 3. Nc3 c5 4. Nf3 cxd4 5. Nxd4 Nc6 6. Nxc6 bxc6 7. g3 Qb6
8. Bg2 Qb4 9. Qb3 Rb8 10. O-O Ba6 11. Bd2 Bxc4 12. Qxb4 Rxb4 13. b3 Ba6 14.
Rac1 Nf6 15. Na4 Rb8 16. Bf4 Rd8 17. Nc5 Bxe2 18. Rfe1 Bg4 19. Nb7 Ra8 20.
Nd6+ Kf8 21. Nb5 a6 22. Nc7 Ra7 23. Bf1 Nh5 24. Nxa6 Nxf4 25. gxf4 Bh6 26.
Re4 Bf5 27. Rb4 e5 28. Rb6 Bxf4 29. Rd1 Kg7 30. a4 e4 31. Be2 e3 32. f3 Re8
33. Nc5 Re5 34. Nd3 Bxd3 35. Rxd3 Rg5+ 36. Kh1 Rh5 37. Rd4 Rxh2+ 38. Kg1 Bc7
39. Rxd7 Rxe2 40. Rxc6 Bh2+ 41. Kf1 Rf2+ 42. Ke1 Rxd7 {White resigns} 0-1

[Event "ICC tourney 2875 (40 10)"]
[Site "Internet Chess Club"]
[Date "2022.04.09"]
[Round "4"]
[White "WANG, JEFFERY:creativechesski"]
[Black "CHEN, RYO WENYU:e4f5"]
[Result "0-1"]
[ICCResult "White checkmated"]
[WhiteElo "1865"]
[BlackElo "2295"]
[Opening "Sicilian"]
[ECO "B56"]
[NIC "SI.25"]
[Time "17:45:42"]
[PlyCount "84"]
[TimeControl "2400+10"]

1. e4 c5 2. Nf3 d6 3. d4 cxd4 4. Nxd4 Nf6 5. Nc3 Nc6 6. Be3 Ng4 7. Bg5 Qb6
8. Bb5 Bd7 9. O-O Qxd4 10. Bxc6 Qxd1 11. Bxd7+ Kxd7 12. Rfxd1 h6 13. Bf4 g5
14. Bg3 Bg7 15. h3 Ne5 16. Nd5 Nc4 17. c3 Be5 18. Bxe5 Nxe5 19. b3 e6 20.
Ne3 b5 21. a4 a6 22. Ra2 Rhc8 23. Rda1 bxa4 24. Rxa4 Rxc3 25. Rxa6 Rxa6 26.
Rxa6 Rxb3 27. Ra7+ Ke8 28. Ra8+ Ke7 29. Rh8 Rb1+ 30. Kh2 Rb4 31. f3 Rb2 32.
Kg1 Ng6 33. Rxh6 Nf4 34. g3 Ne2+ 35. Kf2 Nd4+ 36. Kf1 Nxf3 37. Rh8 Nd2+ 38.
Ke1 Nxe4 39. Nf1 d5 40. h4 d4 41. h5 d3 42. h6 Rb1# {White checkmated} 0-1

[Event "ICC tourney 2875 (40 10)"]
[Site "Internet Chess Club"]
[Date "2022.04.09"]
[Round "4"]
[White "ARUTLA, ADITYA:adiaru27"]
[Black "SRIPADA, HAVISH:brilliantnessme"]
[Result "1/2-1/2"]
[ICCResult "Game drawn by mutual agreement"]
[WhiteElo "1749"]
[BlackElo "1985"]
[Opening "Sicilian: Najdorf"]
[ECO "B90"]
[NIC "SI.14"]
[Time "17:45:09"]
[PlyCount "72"]
[TimeControl "2400+10"]

1. e4 c5 2. Nf3 d6 3. d4 cxd4 4. Nxd4 Nf6 5. Nc3 a6 6. f3 e5 7. Nb3 Be7 8.
Be3 Be6 9. Qd2 h5 10. Nd5 Bxd5 11. exd5 b6 12. c4 Nbd7 13. Be2 a5 14. Rc1
Nh7 15. O-O O-O 16. f4 a4 17. Na1 Nhf6 18. fxe5 Nxe5 19. Nc2 Nfg4 20. Bd4
Bg5 21. Ne3 Re8 22. Bxg4 Nxg4 23. Rce1 Qc7 24. b3 axb3 25. axb3 Nxe3 26.
Bxe3 Rxe3 27. Rxe3 Qc5 28. Re1 Re8 29. Kf2 Re5 30. Qd3 g6 31. g3 h4 32. Kf3
Rf5+ 33. Kg2 Bxe3 34. Qxe3 Qa5 35. Re2 Qa1 36. Rf2 Rxf2+
{Game drawn by mutual agreement}
1/2-1/2

[Event "ICC tourney 2875 (40 10)"]
[Site "Internet Chess Club"]
[Date "2022.04.09"]
[Round "4"]
[White "WANG, ALEXANDER J:ickyquarter"]
[Black "HEBDEN, MARK L:mhebden"]
[Result "0-1"]
[ICCResult "White resigns"]
[WhiteElo "1918"]
[BlackElo "2498"]
[Opening "Ruy Lopez: Morphy defense"]
[ECO "C77"]
[NIC "RL.12"]
[Time "17:45:10"]
[PlyCount "132"]
[TimeControl "2400+10"]

1. e4 e5 2. Nf3 Nc6 3. Bb5 a6 4. Ba4 Nf6 5. d4 exd4 6. O-O Be7 7. e5 Ne4 8.
Nxd4 O-O 9. Nf3 Nc5 10. Bb3 Nxb3 11. axb3 d6 12. exd6 Bxd6 13. h3 Bf5 14.
Be3 Qf6 15. Nc3 h6 16. Kh1 Rae8 17. Nd4 Nxd4 18. Bxd4 Qg6 19. Qf3 Bxc2 20.
Qxb7 c5 21. Be3 Rxe3 22. fxe3 Qg3 23. Kg1 Qxe3+ 24. Rf2 Bg3 25. Qf3 Bxf2+
26. Qxf2 Qd4 27. Rxa6 Bxb3 28. Ra1 Rd8 29. Re1 Be6 30. Rd1 Qxf2+ 31. Kxf2
Rb8 32. Rd2 f5 33. Ke3 Kf7 34. Na4 Rb5 35. Nc3 Rb4 36. Kf2 h5 37. Ne2 h4 38.
Rc2 Bc4 39. b3 Bxe2 40. Kxe2 Rb5 41. Kf2 Kf6 42. Rc3 Ke5 43. Ke3 g5 44. Rd3
Rb4 45. Rc3 Kd5 46. Rd3+ Rd4 47. Rc3 g4 48. Kf2 Rd2+ 49. Kf1 g3 50. Rf3 Ke4
51. Rc3 Rf2+ 52. Kg1 Rb2 53. Kf1 Rf2+ 54. Kg1 Kd5 55. Rd3+ Kc6 56. Rc3 Kb5
57. Rc4 f4 58. Re4 Rb2 59. Kf1 Rxb3 60. Rxf4 Rb4 61. Rf8 Re4 62. Rb8+ Ka4
63. Ra8+ Kb3 64. Rg8 c4 65. Rg4 Rxg4 66. hxg4 c3 {White resigns} 0-1

[Event "ICC tourney 2875 (40 10)"]
[Site "Internet Chess Club"]
[Date "2022.04.09"]
[Round "4"]
[White "LYNN, BENNETT:ben622"]
[Black "Tanenbaum, Zachary:MasterZachary"]
[Result "0-1"]
[ICCResult "White resigns"]
[WhiteElo "1813"]
[BlackElo "2247"]
[Opening "Ruy Lopez: modern Steinitz defense"]
[ECO "C74"]
[NIC "RL.11"]
[Time "17:45:34"]
[PlyCount "48"]
[TimeControl "2400+10"]

1. e4 e5 2. Nf3 Nc6 3. Bb5 a6 4. Ba4 d6 5. c3 Nf6 6. O-O Be7 7. Re1 O-O 8.
Bxc6 bxc6 9. d4 exd4 10. cxd4 d5 11. Ne5 Bb7 12. Qc2 dxe4 13. Be3 Bb4 14.
Rc1 Bd6 15. Nxc6 Bxc6 16. Qxc6 Ng4 17. Qxe4 Bxh2+ 18. Kf1 Qh4 19. Re1 Bg3
20. Bg5 Nh2+ 21. Kg1 Bxf2+ 22. Kh1 Qh5 23. g4 Nxg4+ 24. Kg2 Qh2+ {White
resigns} 0-1

[Event "ICC tourney 2875 (40 10)"]
[Site "Internet Chess Club"]
[Date "2022.04.09"]
[Round "4"]
[White "Vittal, Sanjana:MCTS13"]
[Black "MENDES, AARON REEVE:K03-30164243"]
[Result "0-1"]
[ICCResult "White resigns"]
[WhiteElo "1980"]
[BlackElo "1750"]
[Opening "Sicilian: closed"]
[ECO "B23"]
[NIC "SI.44"]
[Time "17:45:08"]
[PlyCount "78"]
[TimeControl "2400+10"]

1. e4 c5 2. Nc3 d6 3. f4 Nc6 4. Nf3 e6 5. Bb5 Bd7 6. O-O a6 7. Bxc6 Bxc6 8.
d3 Qc7 9. a4 Ne7 10. Qe1 g6 11. Qh4 Bg7 12. f5 gxf5 13. Qg5 Rg8 14. Qh5 h6
15. Nh4 c4 16. Be3 Bxc3 17. bxc3 Ng6 18. Rf2 O-O-O 19. exf5 Nxh4 20. Qxh4
exf5 21. Qxc4 Rde8 22. Qf4 Qe7 23. Bd2 Qe6 24. Qxh6 Rg6 25. Qh3 Reg8 26. g3
Kb8 27. Re1 Qd5 28. Rxf5 Qa2 29. Rf2 Qxc2 30. Qf5 Rh8 31. Rfe2 Re6 32. h4
Rg6 33. Kf2 Rhg8 34. Bf4 Qxc3 35. h5 Rf6 36. Qh7 Rxf4+ 37. gxf4 Qd4+ 38. Re3
Rg2+ 39. Kf1 Qxf4+ {White resigns} 0-1

[Event "ICC tourney 2875 (40 10)"]
[Site "Internet Chess Club"]
[Date "2022.04.09"]
[Round "4"]
[White "TANG, DYLAN:ruitang"]
[Black "HO, CARTER:corviknight"]
[Result "1/2-1/2"]
[ICCResult "Game drawn by mutual agreement"]
[WhiteElo "1817"]
[BlackElo "2028"]
[Opening "Sicilian: Pelikan, Chelyabinsk variation"]
[ECO "B45"]
[NIC "SI.37"]
[Time "17:45:19"]
[PlyCount "80"]
[TimeControl "2400+10"]

1. e4 c5 2. Nf3 e6 3. d4 cxd4 4. Nxd4 Nc6 5. Nc3 Nf6 6. Ndb5 d6 7. Bf4 e5 8.
Bg5 a6 9. Na3 b5 10. Nd5 Be7 11. Bxf6 Bxf6 12. c4 b4 13. Nc2 O-O 14. g3 a5
15. Bg2 g6 16. Nxf6+ Qxf6 17. O-O Rd8 18. Ne3 Be6 19. Qd3 Nd4 20. f4 Qg7 21.
f5 Bd7 22. Rac1 Bc6 23. Nc2 gxf5 24. exf5 Bxg2 25. Kxg2 d5 26. Nxd4 exd4 27.
f6 Qg5 28. c5 Qe3 29. Rcd1 Rac8 30. Qxd4 Qxd4 31. Rxd4 Rxc5 32. g4 Rc2+ 33.
Rf2 Rxf2+ 34. Kxf2 Rd6 35. g5 h6 36. h4 hxg5 37. hxg5 Kh7 38. Kg3 Kg6 39.
Kf4 Rd8 40. b3 Rd7 {Game drawn by mutual agreement} 1/2-1/2

[Event "ICC tourney 2875 (40 10)"]
[Site "Internet Chess Club"]
[Date "2022.04.09"]
[Round "4"]
[White "LU, YIDING:K05-16857692"]
[Black "SHAWKAT, SAIF:saif-shawkat"]
[Result "0-1"]
[ICCResult "White resigns"]
[WhiteElo "1790"]
[BlackElo "1953"]
[Opening "Sicilian: Najdorf"]
[ECO "B90"]
[NIC "SI.14"]
[Time "17:45:07"]
[PlyCount "88"]
[TimeControl "2400+10"]

1. e4 c5 2. Nf3 d6 3. d4 cxd4 4. Nxd4 Nf6 5. Nc3 a6 6. f3 e5 7. Nb3 Be7 8.
Be3 Be6 9. Qd2 h5 10. O-O-O Nbd7 11. Nd5 Nxd5 12. exd5 Bf5 13. Bd3 Bxd3 14.
Qxd3 Bg5 15. Rhe1 Bxe3+ 16. Rxe3 O-O 17. g4 h4 18. Kb1 Rc8 19. Rg1 Qg5 20.
Ree1 b5 21. Na5 Nc5 22. Qf5 f6 23. Nc6 Rc7 24. c3 Qxf5+ 25. gxf5 Nd3 26. Rd1
Nf4 27. Rd2 Kf7 28. Rg4 Rh8 29. Rxf4 exf4 30. Nd4 Rh5 31. Rg2 Re7 32. Ne6
Kg8 33. Nd4 Rg5 34. Rxg5 fxg5 35. Ne6 Rxe6 36. dxe6 g4 37. Kc2 g3 38. f6
gxf6 39. Kd3 gxh2 40. Ke4 h1=Q 41. Kf5 Qxf3 42. Kxf6 Qe3 43. e7 Qe5+ 44. Kg6
Qxe7 {White resigns} 0-1

[Event "ICC tourney 2875 (40 10)"]
[Site "Internet Chess Club"]
[Date "2022.04.09"]
[Round "4"]
[White "TANG, ZOEY:WonderZ"]
[Black "WU, JAYDEN:SparkyNinja"]
[Result "1-0"]
[ICCResult "Black forfeits on time"]
[WhiteElo "2072"]
[BlackElo "1698"]
[Opening "Trompowsky attack (Ruth, Opocenský opening)"]
[ECO "A45"]
[NIC "QP.07"]
[Time "17:45:13"]
[PlyCount "87"]
[TimeControl "2400+10"]

1. d4 Nf6 2. Bg5 e6 3. e4 h6 4. Bxf6 Qxf6 5. Nc3 Bb4 6. Qd3 O-O 7. Ne2 b6 8.
e5 Qe7 9. a3 Bxc3+ 10. Nxc3 Bb7 11. O-O-O d5 12. f4 a6 13. Kb1 c5 14. f5
cxd4 15. Qxd4 Nd7 16. Bd3 Rad8 17. Rde1 exf5 18. Bxf5 Nc5 19. Rhf1 Qc7 20.
Nd1 Ne4 21. Nf2 Qc5 22. Rd1 Qxd4 23. Rxd4 Rfe8 24. Nxe4 dxe4 25. Rxd8 Rxd8
26. Re1 Re8 27. Bxe4 Bxe4 28. Rxe4 Re6 29. Rb4 b5 30. Kc1 Rxe5 31. Kd2 Kf8
32. Rd4 Ke7 33. b3 Re6 34. Rf4 g6 35. c4 bxc4 36. bxc4 f5 37. Kd3 Kf6 38. c5
Ke5 39. Rd4 Rc6 40. Kc4 g5 41. Rd5+ Ke6 42. Kd4 f4 43. Rd8 Ke7 44. Rh8
{Black forfeits on time}
1-0

[Event "ICC tourney 2875 (40 10)"]
[Site "Internet Chess Club"]
[Date "2022.04.09"]
[Round "4"]
[White "JIN, JERRY:MysteryHunter"]
[Black "CHAMPSI, IMRAN:imranchamp"]
[Result "0-1"]
[ICCResult "White checkmated"]
[WhiteElo "1595"]
[BlackElo "1696"]
[Opening "Sicilian: Pelikan (Lasker/Sveshnikov) variation"]
[ECO "B33"]
[NIC "SI.35"]
[Time "17:53:53"]
[PlyCount "162"]
[TimeControl "2400+10"]

1. e4 c5 2. Nf3 Nc6 3. d4 cxd4 4. Nxd4 Nf6 5. Nc3 e5 6. Nb3 Bb4 7. Bd3 d5 8.
exd5 Nxd5 9. Bd2 Nxc3 10. Bxc3 Bxc3+ 11. bxc3 O-O 12. O-O Qf6 13. Qe2 Re8
14. Rfe1 b6 15. Qe4 g6 16. Qe3 Bb7 17. Nd2 Rad8 18. Ne4 Qe7 19. Qh6 Na5 20.
Ng3 Qf8 21. Qg5 Qe7 22. Qh6 Qf8 23. Qxf8+ Kxf8 24. Ne4 Bxe4 25. Rxe4 f5 26.
Re3 e4 27. Bb5 Re5 28. c4 Rc5 29. Rae1 Nxc4 30. Bxc4 Rxc4 31. R3e2 Ra4 32.
f3 exf3 33. gxf3 Rxa2 34. Re7 Rd2 35. f4 Rdxc2 36. Re8+ Kg7 37. R8e7+ Kh6
38. Rd7 Rg2+ 39. Kh1 Rxh2+ 40. Kg1 Rag2+ 41. Kf1 Rh1+ 42. Kxg2 Rxe1 43. Rxa7
Re3 44. Rb7 Rb3 45. Kf2 b5 46. Ke2 Kh5 47. Rxh7+ Kg4 48. Rh6 Kxf4 49. Rxg6
Rc3 50. Rb6 Rc5 51. Kd3 Rd5+ 52. Ke2 Ke4 53. Re6+ Re5 54. Rb6 Kd4+ 55. Kf3
Kc4 56. Kf4 Rc5 57. Ke3 b4 58. Kd2 Kb3 59. Rb8 Ka3 60. Ra8+ Kb2 61. Rb8 b3
62. Kd1 Ka2 63. Ra8+ Kb1 64. Rb8 b2 65. Kd2 Rc7 66. Rb4 Ka2 67. Ra4+ Kb3 68.
Ra5 Rc4 69. Rb5+ Rb4 70. Rxf5 b1=Q 71. Rf3+ Ka4 72. Rc3 Rb2+ 73. Ke3 Rb3 74.
Kd4 Qb2 75. Kd5 Qxc3 76. Kd6 Rb4 77. Ke7 Rd4 78. Ke6 Qe3+ 79. Kf7 Rf4+ 80.
Kg6 Qg3+ 81. Kh5 Rh4# {White checkmated} 0-1

[Event "ICC tourney 2875 (40 10)"]
[Site "Internet Chess Club"]
[Date "2022.04.09"]
[Round "4"]
[White "ALLEN, SPENCER NATHANIEL:SpencerNA"]
[Black "LIVNE, OREN:orenlivne"]
[Result "0-1"]
[ICCResult "White resigns"]
[WhiteElo "1649"]
[BlackElo "1869"]
[Opening "Sicilian: Nimzovich-Rossolimo attack (with ...g6, without ...d6)"]
[ECO "B31"]
[NIC "SI.31"]
[Time "17:45:33"]
[PlyCount "140"]
[TimeControl "2400+10"]

1. e4 c5 2. Nf3 Nc6 3. Bb5 g6 4. Bxc6 dxc6 5. Nc3 Bg7 6. d3 Nf6 7. O-O O-O
8. Be3 b6 9. h3 Ne8 10. Qd2 e5 11. a4 a5 12. Nh2 Nc7 13. f4 exf4 14. Bxf4
Ne6 15. Bh6 c4 16. Ng4 f6 17. Kh1 cxd3 18. Bxg7 Nxg7 19. Nh6+ Kh8 20. Rad1
Be6 21. Qe3 Qc7 22. Rxd3 Bc4 23. Rfd1 Bxd3 24. Qxd3 Rae8 25. Qc4 Ne6 26. Ne2
Kg7 27. Ng4 h5 28. Nf2 Rf7 29. Nd3 Ng5 30. Nc3 Rfe7 31. Re1 Nf7 32. Qd4 Ne5
33. Nf4 Rd7 34. Qf2 Qd8 35. Rf1 Rd6 36. Qg3 Kh7 37. Nce2 Rd1 38. Rxd1 Qxd1+
39. Kh2 Qxc2 40. Qh4 Rf8 41. Nd4 Qxe4 42. Nde6 Rf7 43. Qf2 c5 44. Qd2 g5 45.
Nxh5 Nc4 46. Nxf6+ Rxf6 47. Nxg5+ Kg6 48. Nxe4 Nxd2 49. Nxd2 Rf2 50. Nc4 Rc2
51. Nxb6 Rxb2 52. Nd7 Rc2 53. Kg3 c4 54. Kf3 c3 55. g4 Rh2 56. Ne5+ Kf6 57.
Nd3 Rxh3+ 58. Ke2 Rh2+ 59. Kd1 Kg5 60. Nc5 Kxg4 61. Nb3 Kf3 62. Nxa5 Ke3 63.
Nc4+ Kd3 64. Ne5+ Ke4 65. Nc6 Kd5 66. Nb4+ Kc4 67. Nc6 Kb3 68. Nd4+ Kxa4 69.
Nf3 Rf2 70. Nd4 Rd2+ {White resigns} 0-1

[Event "ICC tourney 2875 (40 10)"]
[Site "Internet Chess Club"]
[Date "2022.04.09"]
[Round "4"]
[White "MITRABHA, GUHA:babysnake"]
[Black "Nguyen, Hoa Duc:leoman"]
[Result "1/2-1/2"]
[ICCResult "Game drawn by mutual agreement"]
[WhiteElo "2560"]
[BlackElo "2469"]
[Opening "King's Indian: East Indian defense"]
[ECO "A48"]
[NIC "QP.06"]
[Time "17:46:02"]
[PlyCount "83"]
[TimeControl "2400+10"]

1. d4 Nf6 2. Nf3 g6 3. Nbd2 d5 4. b4 c6 5. e3 Bg7 6. c4 O-O 7. a4 Nbd7 8.
Be2 Re8 9. Bb2 a5 10. b5 c5 11. O-O cxd4 12. Nxd4 Nc5 13. N4b3 Nxb3 14. Nxb3
dxc4 15. Bxc4 b6 16. Nd4 Bb7 17. Qb3 Bd5 18. Nc6 Bxc4 19. Qxc4 Qd5 20. Qe2
Qe6 21. Rac1 Ne4 22. Bxg7 Kxg7 23. Rfd1 Qf6 24. Rd4 Nc5 25. Rf4 Qe6 26. Qb2+
f6 27. Rd1 Rac8 28. h3 Rc7 29. Rfd4 Rd7 30. Qc2 Rxd4 31. exd4 Qe4 32. Qd2
Ne6 33. Re1 Qd5 34. Qe3 Kf7 35. Kh2 Ng7 36. Qa3 Nf5 37. Kg1 h5 38. Qc3 Kf8
39. Qd2 h4 40. Qf4 Qd6 41. Qf3 Nxd4 42. Qe3 {Game drawn by mutual agreement}
1/2-1/2

[Event "ICC tourney 2875 (40 10)"]
[Site "Internet Chess Club"]
[Date "2022.04.09"]
[Round "4"]
[White "LING, CHENXUAN:UnicornMM"]
[Black "BAGCHI, SOUNAK:Chesssaga"]
[Result "1/2-1/2"]
[ICCResult "Game drawn by repetition"]
[WhiteElo "1740"]
[BlackElo "1888"]
[Opening "Benoni: Taimanov variation"]
[ECO "A67"]
[NIC "BI.33"]
[Time "17:46:02"]
[PlyCount "89"]
[TimeControl "2400+10"]

1. d4 Nf6 2. c4 c5 3. d5 e6 4. Nc3 exd5 5. cxd5 d6 6. e4 g6 7. f4 Bg7 8.
Bb5+ Nfd7 9. a4 O-O 10. Nf3 Na6 11. O-O Nb4 12. h3 a6 13. Be2 Re8 14. Re1 f5
15. exf5 gxf5 16. Bd2 h6 17. g3 Nf6 18. Kg2 Bd7 19. Bc4 Rxe1 20. Bxe1 Qe7
21. Ne5 Kh7 22. Nxd7 Qxd7 23. Bf2 Re8 24. Qd2 Ne4 25. Nxe4 Rxe4 26. Be2 Qf7
27. Bf3 Rc4 28. Rc1 Rxc1 29. Qxc1 Nd3 30. Qc2 Nxb2 31. g4 c4 32. gxf5 Bf6
33. Qe4 c3 34. a5 Qc7 35. Bb6 Qg7+ 36. Kh2 Qf7 37. Bd4 Qg7 38. Bxf6 Qxf6 39.
Bh5 Kg7 40. Qg2+ Kf8 41. Qe4 Kg7 42. Qg2+ Kf8 43. Qe4 Kg7 44. Qg2+ Kf8 45.
Qe4 {Game drawn by repetition} 1/2-1/2

[Event "ICC tourney 2875 (40 10)"]
[Site "Internet Chess Club"]
[Date "2022.04.09"]
[Round "4"]
[White "Yan, Ruiyang:K01-30157975"]
[Black "SHEEHAN, ETHAN THOMAS:Chessking2008"]
[Result "0-1"]
[ICCResult "White resigns"]
[WhiteElo "2193"]
[BlackElo "2250"]
[Opening "Caro-Kann: two knights variation"]
[ECO "B10"]
[NIC "CK.01"]
[Time "17:46:02"]
[PlyCount "148"]
[TimeControl "2400+10"]

1. e4 c6 2. Nf3 d5 3. Nc3 dxe4 4. Nxe4 Nf6 5. Qe2 Nxe4 6. Qxe4 Qd5 7. Qh4
Bf5 8. Bc4 Qd6 9. d3 e6 10. Qg5 h6 11. Qe3 Be7 12. Bd2 Bf6 13. Rb1 Nd7 14.
Bb3 O-O 15. Bc3 Bxc3+ 16. bxc3 Nc5 17. O-O b5 18. Ra1 a5 19. a4 Nxb3 20.
cxb3 Qxd3 21. Nd4 Qxe3 22. fxe3 Be4 23. axb5 cxb5 24. Rfc1 Rfb8 25. Kf2 e5
26. Ne2 Rd8 27. Ra2 a4 28. bxa4 Rxa4 29. Rb2 Bc6 30. Ng3 g6 31. Nf1 Rd3 32.
g3 Kg7 33. Ke2 Rd6 34. Nd2 h5 35. c4 bxc4 36. Nxc4 Re6 37. Rc3 Be4 38. Nd2
Bf5 39. Rc5 Bg4+ 40. Kf2 e4 41. Kg2 Ra3 42. h3 Bf5 43. Nf1 Rf6 44. Rc1 Be6
45. Re1 Rf3 46. Rc2 Rf5 47. Nd2 Rfa5 48. Kg1 Bxh3 49. Nxe4 Bf5 50. Rc4 Bxe4
51. Rxe4 Ra2 52. Rf4 Rg5 53. Rf3 h4 54. g4 Rxg4+ 55. Kh1 Rgg2 56. Rh3 g5 57.
Rf1 Kg6 58. e4 Rg3 59. Rxg3 hxg3 60. Rf3 Re2 61. Rxg3 Rxe4 62. Kg2 f5 63.
Ra3 g4 64. Kg3 Kg5 65. Kg2 Re2+ 66. Kf1 Rb2 67. Kg1 f4 68. Kf1 g3 69. Kg1
Kg4 70. Kh1 f3 71. Ra1 Kh3 72. Kg1 Rg2+ 73. Kh1 Rh2+ 74. Kg1 f2+ {White
resigns} 0-1